AoeStats
← 漠北万丈孤烟长河落日圆

Black Forest

511019704Analyzed
4v4 RM · 4h ago on Oct 3, 2026· 18m 55s· 8 players
Game mode
Random Map
Map size
Large (8 player)
Population
200
Speed
Normal
Resources
Standard
Victory
Conquest
Starting age
Dark Age
Ending age
Imperial Age
RankedLock teamsTeams togetherTeam positionsShared explorationLock speedFull tech treeHidden civsTurbo modeCheats
Victory
Defeat
🇩🇪 Byzantines · Germany
1410
+12
🇺🇸 Bulgarians · United States
1320
+16
🇲🇽 Britons · Mexico
1316
+16
🇩🇪 Ethiopians · Germany
1253
+19
1339
-17
🇹🇼 Persians · Taiwan
1332
-16
🇨🇳 Chinese · China
1319
-16
🇹🇷 Japanese · Türkiye
1265
-14
Seifer
0:41 Loom
13:52 Feudal Age
14:33 Double-Bit Axe
14:57 Town Watch
20:14 Castle Age
Chili
0:28 Loom
9:37 Feudal Age
16:57 Castle Age
15:30 Double-Bit Axe
16:10 Horse Collar
19:23 Gold Mining
ApolL0sS
10:41 Feudal Age
11:42 Double-Bit Axe
11:54 Horse Collar
14:29 Castle Age
15:27 Bow Saw
Danilo Solari
11:03 Feudal Age
15:06 Castle Age
13:40 Double-Bit Axe
14:08 Horse Collar
16:25 Wheelbarrow
16:01 Bow Saw
17:17 Heavy Plow
18:00 Loom
chengaopeng044
0:42 Loom
0:42 Loom
0:42 Loom
10:39 Feudal Age
14:18 Castle Age
12:33 Double-Bit Axe
14:12 Bloodlines
17:49 Town Watch
τττArena Only
0:32 Loom
17:09 Feudal Age
漠北万丈孤烟长河落日圆
6:59 Loom
9:43 Feudal Age
10:22 Double-Bit Axe
10:25 Horse Collar
19:22 Castle Age
18:02 Bloodlines
twelve
0:26 Loom
9:52 Feudal Age
9:56 Man-at-Arms
12:50 Double-Bit Axe
13:05 Horse Collar
14:53 Arson
15:28 Forging
17:33 Fletching
Connection lost

Rejoining the realm…

Still unreachable

The connection could not be restored.

Session expired

The server has moved on; the page needs a fresh start.